 Dungeon Crawl Stone Soup version 0.30-a0-613-gdd512c7efb (webtiles) character file.

Game seed: 12446926499238816547

249 Vylera the Magician (level 6, -1/40 HPs)
             Began as a Djinni Fire Elementalist on Jan 9, 2023.
             Was a Follower of Qazlal.
             Slain by a gnoll
             ... wielding a +0 halberd
             ... led by a gnoll bouda
              (9 damage)
             ... on level 4 of the Dungeon.
             The game lasted 00:10:01 (2350 turns).

Vylera the Magician (Djinni Fire Elementalist)      Turns: 2350, Time: 00:10:01

Health: -1/40      AC:  4    Str:  7    XL:     6   Next: 34%
Gold:   101        EV: 12    Int: 25    God:    Qazlal [*.....] SH:  7 Dex: 13

rFire   + + .      SeeInvis .    k - +0 short sword (protect)
rCold   x . .      Faith    .    (no shield)
rNeg    . . .      Spirit   .    a - +0 robe
rPois   ∞          Reflect  +    t - +0 helmet
rElec   .          Harm     .    (no cloak)
rCorr   .          Rampage  .    g - +0 pair of gloves
Will    .....                    (boots unavailable)
Stlth   ++                       l - amulet of reflection
HPRegen 0.26/turn                o - +6 ring of intelligence
MPRegen 0.00/turn                (no ring)

@: flying
A: sickness immunity, fire resistance 2, cold vulnerability 1, float, innate
caster, HP casting, extra vitality 1
a: Renounce Religion


You were on level 4 of the Dungeon.
You worshipped Qazlal.
Qazlal was aware of your devotion.
You visited 1 branch of the dungeon, and saw 4 of its levels.

You collected 101 gold pieces.

Inventory:

Hand Weapons
 i - a +2 short sword of distortion
 k - a +0 short sword of protection (weapon)
 s - a +0 sling
Missiles
 d - 12 poisoned darts
Armour
 a - a +0 robe (worn)
 g - a +0 pair of gloves (worn)
 t - a +0 helmet (worn)
Jewellery
 l - an amulet of reflection (around neck)
 o - a +6 ring of intelligence (left hand)
Wands
 u - a wand of paralysis (10)
Scrolls
 c - 4 scrolls of teleportation {unknown}
 f - a scroll of noise {unknown}
 j - 2 scrolls of blinking {unknown}
 n - a scroll of amnesia {unknown}
 r - a scroll of magic mapping {unknown}
 w - a scroll of enchant armour {unknown}
Potions
 b - 4 potions of magic
 e - a potion of curing
 h - a potion of cancellation {unknown}
 m - a potion of lignification {unknown}
 p - 2 potions of haste {unknown}
 q - a potion of might {unknown}
 v - a potion of brilliance {unknown}
 x - 2 potions of invisibility {unknown}


   Skills:
 - Level 2.1 Dodging
 - Level 1.5 Stealth
 + Level 4.8 Spellcasting
 + Level 2.1 Invocations


You couldn't memorise any spells.
You knew the following spells:

 Your Spells              Type           Power      Damage    Failure   Level
a - Foxfire               Conj/Fire      100%       2x1d9     1%          1
b - Scorch                Fire           60%        2d8       1%          2
c - Kindle Blastsparks    Fire/Tloc/Air  60%        2d15      3%          3
d - Inner Flame           Hex/Fire       30%        N/A       3%          3
e - Flame Wave            Conj/Fire      30%        2d9       12%         4
f - Magic Dart            Conj           100%       1d8       1%          1
g - Passwall              Tmut/Erth      25%        N/A       1%          2
Your spell library was empty.

Dungeon Overview and Level Annotations

Branches:
Dungeon (4/15)             Temple (0/1) D:4

Altars:
Ashenzari
Makhleb
Okawaru
Qazlal
The Shining One


Innate Abilities, Weirdness & Mutations

You are immune to sickness and miasma.
You are immune to poison.
Your flesh is very heat resistant. (rF++)
You are vulnerable to cold. (rC-)
You float through the air rather than walking.
You learn spells naturally, not from books.
Your magical power is your life essence.
You have superior vitality. (+4 MHP)


Message History

* * * LOW HITPOINT WARNING * * *
It was a potion of curing.
You feel better. You block the gnoll's attack. The gnoll misses you.
Casting: Scorch (safe; 1% risk of failure)
Confirm with . or Enter, or press ? or * to list all spells.
You conjure some foxfire!
The gnoll misses you. x2
Okay, then.
Casting: Foxfire (safe; 1% risk of failure)
Confirm with . or Enter, or press ? or * to list all spells.
You conjure some foxfire!
The foxfire hits the gnoll.
The gnoll is severely wounded.
The gnoll hits you from afar with a +0 halberd.
* * * LOW HITPOINT WARNING * * *
The gnoll hits you with a +0 flail.
* * * LOW HITPOINT WARNING * * *
Your foxfire dissipates!
The gnoll attacks as you move away! You block the gnoll's attack.
The foxfire hits the gnoll.
The gnoll is almost dead.
The foxfire hits the gnoll.
You kill the gnoll!
Qazlal accepts your kill. The gnoll closely misses you.
The gnoll is no longer more vulnerable to fire.
The gnoll is no longer moving quickly.
Casting: Foxfire (safe; 1% risk of failure)
Confirm with . or Enter, or press ? or * to list all spells.
You conjure some foxfire!
* * * LOW HITPOINT WARNING * * *
The gnoll barely misses you.
Casting: Foxfire (safe; 1% risk of failure)
Confirm with . or Enter, or press ? or * to list all spells.
You conjure some foxfire!
* * * LOW HITPOINT WARNING * * *
The foxfire hits the gnoll.
The gnoll is almost dead.
The foxfire hits the gnoll.
The gnoll is almost dead.
The gnoll hits you from afar with a +0 halberd!
You die...

.........# .w..).)..#
#).# ##.. .. .##.####..#
#..###.#+#..........#
#.........#########.#
#..##.....###.....g.#
..........##...8§v..#
.#........#.._.§@v..#
..........#....########
..........#.⌠.###.....##
###.......#....#...⌠...##
..+.......#.._..._..._..#
.##.†...####...⌠...#....#
..##....).###.....###.⌠.#
..##.)....##########....#
...#.........###....._..#


You could see a gnoll (ally target).

Vanquished Creatures
  Blork the orc (D:4)
  A gnoll bouda (D:4)
  Ijyb (D:3)
  2 gnolls (D:4)
  3 adders
  A white imp (D:4)
  3 orcs
  4 bats
  6 endoplasms
  6 giant cockroaches
  11 goblins
  5 hobgoblins
  4 jackals
  4 quokkas
  4 ball pythons
  5 frilled lizards
  5 kobolds
  5 rats
  2 foxfires (D:4)
73 creatures vanquished.

Vanquished Creatures (others)
  178 foxfires
  A plant (D:4)
179 creatures vanquished.

Grand Total: 252 creatures vanquished

Notes
Turn   | Place    | Note
-------+----------+-------------------------------------------
     0 | D:1      | Vylera the Djinni Fire Elementalist began the quest for the
                  | Orb.
     0 | D:1      | Vylera set off with the following spells memorised:
                  | Foxfire, Scorch, Kindle Blastsparks, Inner Flame, Flame
                  | Wave.
     0 | D:1      | Reached XP level 1. HP: 15/15 MP: 0/0
   108 | D:1      | Reached XP level 2. HP: 12/21 MP: 0/0
   258 | D:1      | Reached skill level 3 in Spellcasting
   776 | D:1      | Reached XP level 3. HP: 21/25 MP: 0/0
   776 | D:1      | Learned a level 1 spell: Magic Dart
  1555 | D:3      | Reached XP level 4. HP: 30/31 MP: 0/0
  1753 | D:3      | Found a faded altar of an unknown god.
  1760 | D:3      | Prayed at the altar of an unknown god.
  1760 | D:3      | Became a worshipper of Qazlal Stormbringer
  1760 | D:3      | Reached * piety under Qazlal
  1933 | D:3      | Reached skill level 4 in Spellcasting
  1933 | D:3      | Found a glowing golden altar of the Shining One.
  2007 | D:3      | Noticed Ijyb
  2015 | D:3      | Killed Ijyb
  2016 | D:3      | Reached XP level 5. HP: 27/35 MP: 0/0
  2016 | D:3      | Learned a level 2 spell: Passwall
  2255 | D:4      | Found a staircase to the Ecumenical Temple.
  2295 | D:4      | Found an iron altar of Okawaru.
  2304 | D:4      | Found a broken altar of Ashenzari.
  2304 | D:4      | Found a burning altar of Makhleb.
  2323 | D:4      | Noticed Blork the orc
  2329 | D:4      | Killed Blork the orc
  2330 | D:4      | Reached skill level 1 in Invocations
  2330 | D:4      | Reached XP level 6. HP: 34/40 MP: 0/0
  2350 | D:4      | Slain by a gnoll

Illustrated notes

Levels and vault maps discovered:
D:1:      dpeg_arrival_simpleton_b, layout_loops_ring
D:2:      layout_loops_cross, minivault_14
D:3:      kennysheep_the_goblin_king, layout_rooms, lemuel_tele_altar,
          dilly_ecumenical_altar_fadedgnrine, uniq_ijyb
D:4:      lemuel_castle_with_subvaults [lemuel_castle_interior_original],
          layout_basic, nicolae_overflow_hallway_of_the_gods,
          minmay_temple_entry_wispy, uniq_blork_the_orc

Skill      XL: |  1  2  3  4  5  6 |
---------------+-------------------+-----
Spellcasting   | 3 4 |  4.8
Invocations    | 1 2 |  2.1
Dodging        | |  2.1
Stealth        | |  1.5

Action                   |  1- 3 |  4- 6 || total
-------------------------+-------+-------++-------
Melee: Unarmed           |     8 |       ||     8
       Short sword       |     7 |    14 ||    21
 Cast: Foxfire           |    63 |    64 ||   127
       Magic Dart        |     1 |       ||     1
       Scorch            |       |     2 ||     2
       Passwall          |       |     1 ||     1
  Use: Potion            |       |     1 ||     1
Armor: Robe              |     7 |     8 ||    15
Dodge: Dodged            |    15 |    17 ||    32
Block: Other             |       |     9 ||     9

Table legend: (Time is in decaauts)
 A = Elapsed time spent in this place.
 B = Non-inter-level travel time spent in this place.
 C = Inter-level travel time spent in this place.
 D = Time resting spent in this place.
 E = Time spent auto-exploring this place.
 F = Levels seen in this place.
 G = Mean time per level.
                   A        B        C        D        E       F      G
               +--------+--------+--------+--------+--------+-----+--------+
         Total |   2348 |   2274 |     74 |     33 |   1707 |   4 |  587.0 |
       Dungeon |   2348 |   2274 |     74 |     33 |   1707 |   4 |  587.0 |
               +--------+--------+--------+--------+--------+-----+--------+

Top non-repeatable levels by time:
     D:1: 854 daAuts
     D:2: 695 daAuts
     D:3: 684 daAuts
     D:4: 113 daAuts
